 Dungeon Crawl Stone Soup version 0.28.0-49-g6dfe1f597d (webtiles) character file.

Game seed: 11280914719285435696

282 101zpm the Magician (level 6, -7/40 HPs)
             Began as a Djinni Fire Elementalist on May 12, 2022.
             Shot with an arrow by a centaur (13 damage)
             ... on level 5 of the Dungeon.
             The game lasted 00:06:02 (3802 turns).

101zpm the Magician (Djinni Fire Elementalist)      Turns: 3802, Time: 00:06:03

Health: -7/40      AC:  2    Str:  7    XL:     6   Next: 54%
Gold:   103        EV: 16    Int: 18    God:
                   SH:  0    Dex: 14

rFire   + + .      SeeInvis .   (no weapon)
rCold   x . .      Faith    .   (no shield)
rNeg    . . .      Spirit   .   a - +0 robe
rPois   ∞          Reflect  .   (no helmet)
rElec   .          Harm     .   (no cloak)
rCorr   .          Rampage  .   (no gloves)
Will    .....                   (boots unavailable)
Stlth   ++........              (no amulet)
HPRegen 0.13/turn               b - +4 ring of evasion
MPRegen 0.00/turn               (no ring)

@: flying
A: sickness immunity, fire resistance 2, cold vulnerability 1, float, innate
caster, HP casting, extra vitality 1
a: no special abilities


You were on level 5 of the Dungeon.
You visited 1 branch of the dungeon, and saw 5 of its levels.

You collected 103 gold pieces.

Inventory:

Hand Weapons
 d - a +1 mace of holy wrath
 j - a +2 whip of venom
Missiles
 k - 6 boomerangs
Armour
 a - a +0 robe (worn)
Jewellery
 b - a +4 ring of evasion (left hand)
 g - a ring of fire
 n - a ring of fire
Scrolls
 e - 2 scrolls of magic mapping {unknown}
 h - a scroll of teleportation {unknown}
 i - 2 scrolls of noise {unknown}
 m - a scroll of identify {unknown}
Potions
 c - a potion of curing {unknown}
 f - a potion of resistance {unknown}
 l - a potion of cancellation {unknown}


   Skills:
 + Level 2.4 Dodging
 + Level 2.1 Stealth
 + Level 5.1 Spellcasting


You couldn't memorise any spells.
You knew the following spells:

 Your Spells              Type           Power      Damage    Failure   Level
a - Foxfire               Conj/Fire      88%        2x1d8     1%          1
b - Scorch                Fire           44%        2d7       2%          2
c - Conjure Flame         Conj/Fire      22%        6-21      4%          3
d - Inner Flame           Hex/Fire       22%        N/A       4%          3
e - Flame Wave            Conj/Fire      22%        2d7       16%         4
f - Freeze                Ice            88%        1d10      1%          1
g - Passwall              Tmut/Erth      18%        N/A       2%          2
Your spell library was empty.

Dungeon Overview and Level Annotations

Branches:
Dungeon (5/15)
 Temple: D:4-7

Altars:
The Shining One

Annotations:
D:3 1 runed translucent door, Crazy Yiuf


Innate Abilities, Weirdness & Mutations

You are immune to sickness and miasma.
You are immune to poison.
Your flesh is very heat resistant. (rF++)
You are vulnerable to cold. (rC-)
You float through the air rather than walking.
You learn spells naturally, not from books.
Your magical power is your life essence.
You have superior vitality. (+4 MHP)


Message History

Aim: a bullfrog skeleton (chance to affect: 85%)
The bullfrog skeleton barely resists.
The foxfire hits the hound.
The hound is heavily wounded.
Casting: Inner Flame (dangerous; 5% risk of failure)
Confirm with . or Enter, or press ? or * to list all spells.
Aiming: Inner Flame (dangerous; 5% risk of failure)
Press: ? - help, Dir - move target, f/p - bullfrog skeleton
Aim: a bullfrog skeleton (chance to affect: 85%)
The bullfrog skeleton barely resists.
* * * LOW HITPOINT WARNING * * *
Your magical contamination has completely faded away.
Casting: Foxfire (safe; 1% risk of failure)
Press: ? - help, Q - select action, (/) - cycle Dir - look around, f - activate You conjure some foxfire!
* * * LOW HITPOINT WARNING * * *
The bullfrog skeleton is engulfed in blazing flames.
Casting: Foxfire (safe; 1% risk of failure)
Confirm with . or Enter, or press ? or * to list all spells.
Flames lash the bullfrog skeleton.
The bullfrog skeleton is severely damaged.
The bullfrog skeleton's fire resistance burns away.
* * * LOW HITPOINT WARNING * * *
The foxfire hits the bullfrog skeleton!
The bullfrog skeleton is burned terribly!
You destroy the bullfrog skeleton!
Casting: Scorch (safe; 2% risk of failure)
Confirm with . or Enter, or press ? or * to list all spells.
Aiming: Inner Flame (dangerous; 5% risk of failure)
Press: ? - help, Dir - move target, f - hound
Aim: a hound (heavily wounded, ally target, chance to affect: 84%)
The hound is filled with an inner flame.
* * * LOW HITPOINT WARNING * * *
The foxfire hits the hound.
Flame seeps out of the hound.
The hound is almost dead.
The hound is engulfed in blazing flames.
The hound explodes!
Your Spellcasting skill increases to level 5!
The centaur shoots an arrow.
The arrow completely misses you.
The centaur shoots an arrow.
The arrow hits you!
You die...

....[....#
######...####
###.........######
.................#
###.........####.#
####...#### #.#
#...# #.# #...#
#.## #...# #@.#
##### ##.#.#
#..##.#
#.)☼...##>#
...○##...# ## ..#
##... . #).## c§○#
§°§#


You could see a centaur (inner flame).

Vanquished Creatures
  An ogre (D:5)
  A hound (D:5)
  A bullfrog skeleton (D:5)
  An orc wizard (D:4)
  A hound zombie (D:5)
  3 gnolls (D:5)
  An adder (D:3)
  A worm (D:3)
  12 orcs
  3 ball pythons (D:3)
  An endoplasm (D:2)
  2 giant cockroaches
  4 goblins
  6 hobgoblins
  3 jackals (D:3)
  3 bats
  3 frilled lizards
  7 kobolds
  2 rats (D:2)
56 creatures vanquished.

Vanquished Creatures (collateral kills)
  13 foxfires
13 creatures vanquished.

Vanquished Creatures (others)
  A demonic plant (D:3)
  155 foxfires
  A plant (D:3)
157 creatures vanquished.

Grand Total: 226 creatures vanquished

Notes
Turn   | Place    | Note
-------+----------+-------------------------------------------
     0 | D:1      | 101zpm the Djinni Fire Elementalist began the quest for the
                  | Orb.
     0 | D:1      | Reached XP level 1. HP: 15/15 MP: 0/0
   327 | D:3      | Reached XP level 2. HP: 13/21 MP: 0/0
   641 | D:3      | Reached skill level 3 in Spellcasting
   665 | D:3      | Reached XP level 3. HP: 9/25 MP: 0/0
   665 | D:3      | Learned a level 1 spell: Freeze
  1168 | D:3      | Found a runed translucent door.
  1169 | D:3      | Noticed Crazy Yiuf
  1399 | D:3      | Found a faded altar of an unknown god.
  1739 | D:3      | Reached XP level 4. HP: 27/31 MP: 0/0
  2169 | D:3      | Found a faded altar of an unknown god.
  2174 | D:3      | Found a glowing golden altar of the Shining One.
  2983 | D:2      | Reached XP level 5. HP: 32/35 MP: 0/0
  2983 | D:2      | Learned a level 2 spell: Passwall
  3612 | D:5      | Entered Level 5 of the Dungeon
  3654 | D:5      | Reached skill level 4 in Spellcasting
  3788 | D:5      | Noticed an ogre
  3789 | D:5      | Noticed a centaur
  3793 | D:5      | Killed an ogre
  3794 | D:5      | Reached XP level 6. HP: 21/40 MP: 0/0
  3801 | D:5      | Reached skill level 5 in Spellcasting
  3802 | D:5      | Shot with an arrow by a centaur

Illustrated notes

Levels and vault maps discovered:
D:1:      lightli_arrival_flooded_house, layout_basic, serial_shops,
          nicolae_shop_crystal
D:2:      layout_basic
D:3:      layout_basic, nicolae_overflow_ecumenical_swirl,
          shapermc_ecumenical_altar_gd, chequers_avenue,
          guppyfry_early_orc_mine, uniq_crazy_yiuf_cottage
D:4:      cheibrodos_greedy_goblins, layout_basic
D:5:      layout_loops_ring, lemuel_coloured_pillars_altar

Skill      XL: |  1  2  3  4  5  6 |
---------------+-------------------+-----
Spellcasting   | 3 4 5 |  5.1
Stealth        | 2 |  2.1
Dodging        | |  2.4

Action                   |  1- 3 |  4- 6 || total
-------------------------+-------+-------++-------
 Cast: Foxfire           |    54 |    55 ||   109
       Scorch            |    11 |    17 ||    28
       Inner Flame       |     6 |    10 ||    16
Armor: Robe              |       |     1 ||     1
Dodge: Dodged            |     1 |     9 ||    10
